[Event "FIDE WCCC U12 2018"]
[Site "Santiago de Compostela"]
[Date "2018.11.11"]
[Round "7"]
[White "Amilal, Munkhdalai"]
[Black "Xu, Arthur"]
[Result "1/2-1/2"]
[ECO "D02"]
[WhiteElo "1864"]
[BlackElo "2034"]
[Annotator "NA RC"]
[PlyCount "148"]
[EventDate "2018.11.04"]
[EventType "swiss"]
[EventCountry "ESP"]
[SourceTitle "playchess.com"]
[Source "ChessBase"]
[SourceQuality "1"]
[TimeControl "40/5400+30:1800+30"]

1. d4 d5 2. Nf3 Nc6 3. Bf4 Bg4 4. e3 e6 5. Nbd2 Bd6 6. Bxd6 Qxd6 7. Be2 {[%emt 0:02:35] D02: Damenbauernspiele} Nge7 (7... f5 8. a3 Nf6 9. c4 O-O 10. O-O a5 11. Rc1 Nd7 12. g3 h6 13. cxd5 exd5 14. Nb3 Nd8 {0-1 (41) Alarcia Astiz,C (2331)-Perez Mitjans,O (2432) Madrid 2017}) 8. O-O Bxf3 $146 ({Vorgänger:} 8... O-O 9. c4 f5 10. cxd5 exd5 11. g3 Kh8 12. Kg2 Ng8 13. Ne1 Nf6 14. Nd3 Rae8 15. Nf3 Bxf3+ 16. Bxf3 Ne4 17. a3 Nd8 {1-0 (40) Stoyanov,P (2180)-Baumhus,R (2330) Germany 2002}) 9. Nxf3 O-O 10. c3 Nd8 11. Qc2 f5 12. Ne5 c5 13. Qa4 Ndc6 14. Nxc6 Nxc6 15. Qa3 b6 16. f4 Rfd8 17. b3 a5 18. Bb5 Na7 19. Be2 Qc7 20. Rac1 c4 21. bxc4 dxc4 22. Bf3 Rab8 $1 23. Rce1 Nb5 24. Qb2 Nd6 25. e4 b5 26. a3 b4 27. axb4 axb4 28. cxb4 Nb5 29. exf5 exf5 30. Re5 c3 31. Qf2 Qc4 32. Be2 Qxb4 33. Bxb5 $1 Rxb5 34. Rxb5 Qxb5 35. Rc1 ({White should play} 35. Rd1) 35... Qd3 36. h3 Rxd4 (36... h6 $17 37. Kh2 Rxd4) 37. Qe1 Re4 38. Qxc3 Qxc3 39. Rxc3 Rxf4 40. Rc5 g6 41. Rc7 Ra4 42. Kf2 Ra8 43. Kf3 Rf8 44. g4 Rf7 45. Rc8+ Kg7 46. gxf5 gxf5 47. Kf4 Rf6 48. Kg5 h6+ 49. Kf4 Kg6 50. Rg8+ Kf7 51. Ra8 Kg7 52. Rb8 Rf7 53. Rb6 Kh7 54. Ra6 Kg7 55. Rb6 Rf6 56. Rb8 Kg6 57. Rg8+ Kh5 58. Ra8 Kh4 59. Ra3 Rf7 60. Rb3 h5 61. Ra3 Rf8 62. Rb3 Rg8 63. Kxf5 Rg5+ 64. Kf4 Rg1 65. Ra3 Rf1+ 66. Rf3 Rh1 67. Rc3 Rh2 68. Rb3 $11 Rxh3 69. Rxh3+ Kxh3 70. Kf3 h4 71. Kf2 Kh2 72. Kf1 Kg3 73. Kg1 h3 74. Kh1 h2 1/2-1/2

[Event "FIDE WCCC U12 2018"]
[Site "Santiago de Compostela"]
[Date "2018.11.11"]
[Round "7"]
[White "Akhmedinov, Satbek"]
[Black "Park, Evan"]
[Result "0-1"]
[ECO "C54"]
[WhiteElo "1856"]
[BlackElo "1997"]
[Annotator "NA RC"]
[PlyCount "134"]
[EventDate "2018.11.04"]
[EventType "swiss"]
[EventCountry "ESP"]
[SourceTitle "playchess.com"]
[Source "ChessBase"]
[SourceQuality "1"]
[TimeControl "40/5400+30:1800+30"]

1. e4 e5 2. Nf3 Nc6 3. Bc4 Bc5 4. c3 Nf6 5. d3 d6 6. a4 a6 7. h3 h6 8. b4 Ba7 9. O-O O-O 10. Be3 Be6 11. Bxa7 Rxa7 12. Nbd2 Ne7 (12... Bxc4 $11 13. Nxc4 Ra8) 13. Qb3 Bxc4 14. Nxc4 Ng6 15. g3 Re8 16. Ne3 Qd7 17. Kh2 c6 18. c4 Raa8 19. Rad1 Rad8 20. Ng1 d5 21. f3 Qe6 22. Ne2 Rd7 23. exd5 (23. c5 $11) 23... cxd5 24. c5 b6 25. Rc1 Rc7 26. Rfe1 bxc5 27. bxc5 {[%emt 0:00:04] [#]} d4 $1 28. Qxe6 Rxe6 29. Nc4 (29. Nf5 $17) 29... Rxc5 30. Rb1 Nd5 31. Rb8+ Kh7 32. Nc1 Rc7 33. Nb3 {[%emt 0:00:37] [#]} Ne3 $1 34. Nbd2 Rf6 35. h4 Nxc4 36. Nxc4 Rxf3 37. h5 Ne7 38. Nxe5 Rf2+ 39. Kh3 Rcc2 40. Ng4 Rf5 41. Nf6+ Rxf6 42. Rxe7 Rf5 43. Kg4 Rcf2 44. Re4 Rg5+ 45. Kh3 Rxh5+ 46. Rh4 Rxh4+ 47. Kxh4 f5 48. g4 Rf4 49. Ra8 Rxg4+ 50. Kh3 Rg1 51. Rxa6 Rd1 52. Rd6 Rxd3+ 53. Kg2 Ra3 54. Rxd4 g5 55. Rd5 Kg6 56. a5 g4 57. Rd6+ Kg5 58. a6 h5 59. Rd5 Rxa6 60. Rb5 Ra2+ 61. Kg1 h4 62. Rb8 h3 63. Rb3 $19 f4 64. Rb1 Kh4 65. Rc1 Kg3 66. Kh1 f3 67. Rg1+ Rg2 0-1

[Event "FIDE WCCC U12 2018"]
[Site "Santiago de Compostela"]
[Date "2018.11.11"]
[Round "7"]
[White "Baranciuc, Alexandr"]
[Black "Hommer, Jeremy"]
[Result "1/2-1/2"]
[ECO "B15"]
[WhiteElo "1784"]
[BlackElo "1987"]
[Annotator "NA RC"]
[PlyCount "76"]
[EventDate "2018.11.04"]
[EventType "swiss"]
[EventCountry "ESP"]
[SourceTitle "playchess.com"]
[Source "ChessBase"]
[SourceQuality "1"]
[TimeControl "40/5400+30:1800+30"]

1. e4 c6 2. d4 d5 3. Nc3 b5 4. exd5 {[%emt 0:08:31] B15: Caro-Kann: 3 Nc3: 3...g6 and 3...dxe4 4 Nxe4 Nf6 5 Nxf6+ exf6} (4. a3 dxe4 5. Nxe4 Nf6 6. Bd3 g6 7. Bg5 Bg7 8. Nf3 O-O 9. Qd2 Bf5 10. Nxf6+ exf6 11. Be3 Bxd3 12. Qxd3 Nd7 13. d5 {0-1 (41) Belyakov,B (2487)-Howell,D (2644) Doha 2016}) 4... b4 5. Nce2 cxd5 {[%emt 0:00:44] LiveBook: 3 Games} 6. Nf3 Nf6 7. Nf4 e6 8. Bb5+ Bd7 9. Bxd7+ $146 ({Predecessor:} 9. Bd3 Nc6 10. O-O Bd6 11. Re1 O-O {1-0 (38) Mahdy,K (2332)-Hansen,K (2240) Vienna 1999}) 9... Nbxd7 10. O-O Be7 11. Nd3 O-O 12. Nfe5 Rc8 13. Bg5 a5 14. Rc1 Nb6 15. f4 Nc4 16. f5 ({White should play} 16. Bxf6 $15 gxf6 17. Nxc4 dxc4 18. Ne1) 16... Qb6 ({Black should play} 16... exf5 $17 17. Rxf5 Nd6) 17. c3 exf5 18. Bxf6 Qxf6 19. Nd7 Qh6 20. Nxf8 Bd6 (20... Rxf8 $11 21. Rf3 (21. Rxf5 bxc3 22. bxc3 Bg5 $15) 21... Bg5) 21. g3 Ne3 22. Qd2 Nxf1 23. Qxh6 gxh6 24. Rxf1 Bxf8 25. cxb4 axb4 26. Rxf5 Rc2 27. Rxd5 Rd2 28. Nf4 Rxb2 29. Ra5 Kg7 30. Ra6 Rb1+ {[%emt 0:05:16] [#]} 31. Kg2 (31. Kf2 $1 $16) 31... Ra1 32. Nh5+ Kg8 33. Nf6+ Kg7 34. Nh5+ Kg8 35. Nf6+ Kh8 36. Ra8 Kg7 37. Nh5+ Kg8 $1 38. Nf6+ Kg7 $11 1/2-1/2

[Event "FIDE WCCC U12 2018"]
[Site "Santiago de Compostela"]
[Date "2018.11.11"]
[Round "7"]
[White "Del Prado Rodriguez, Xulio"]
[Black "Tyurin, Artem"]
[Result "1/2-1/2"]
[ECO "A05"]
[WhiteElo "1734"]
[BlackElo "2018"]
[Annotator "NA RC"]
[PlyCount "119"]
[EventDate "2018.11.04"]
[EventType "swiss"]
[EventCountry "ESP"]
[SourceTitle "playchess.com"]
[Source "ChessBase"]
[SourceQuality "1"]
[TimeControl "40/5400+30:1800+30"]

1. Nf3 Nf6 2. c4 g6 3. g3 Bg7 4. Bg2 O-O 5. d4 d5 6. cxd5 Nxd5 7. Nc3 Nb6 8. O-O Nc6 9. e3 Re8 10. b3 e5 11. dxe5 {[%emt 0:05:36] D76: Fianchetto Grünfeld: Main Line with 7...Nb6} (11. Nxe5 Nxe5 12. dxe5 Bxe5 13. Bb2 Qe7 14. Qc2 c6 15. Rad1 Bg4 16. f3 Be6 17. f4 Bg7 18. e4 Rad8 19. e5 Bg4 20. Bf3 Rxd1 21. Qxd1 {0-1 (59) Giri,A (2784)-Vachier Lagrave,M (2773) London 2015 CBM 170 [Sagar Shah/CB Website]}) 11... Nxe5 12. Nxe5 Qxd1 13. Rxd1 Bxe5 14. Bb2 c6 15. Rd2 Bf5 {[%emt 0:08:27] LiveBook: 15 Games} 16. Ne2 g5 $146 ({Predecessor:} 16... Bxb2 17. Rxb2 a5 18. Nd4 Be4 {1-0 (65) Arkell,K (2406)-Toma,K (2274) Hull 2018}) 17. Bxe5 Rxe5 18. Rad1 Kg7 19. Nd4 Bg6 20. Bf3 h5 21. h4 gxh4 22. gxh4 a5 23. a4 Kh6 24. Kh2 Rae8 25. Ne2 Be4 26. Rd6+ Kh7 27. Bxe4+ Rxe4 28. Nf4 R8e5 29. R1d4 Rxd4 30. Rxd4 Kg7 31. Kg3 Rc5 32. Rd8 Nd5 33. Nxd5 cxd5 $1 34. Rb8 Rc7 35. Rd8 Rc5 36. Rb8 Rc7 37. Kf4 Kf6 38. Rh8 Rc3 {[%emt 0:00:39] [#]} (38... b5 $16) 39. Rh6+ $1 Kg7 {[%emt 0:02:21] [#]} 40. Rb6 $1 ({Don't play} 40. Rxh5 Rxb3 41. Rg5+ (41. Rxd5 Rb4+ 42. Rd4 b5 $16) 41... Kf6 $16) 40... Rc2 41. Kf3 Rb2 42. Kg3 Rd2 (42... d4 $16) 43. Rxb7 d4 44. exd4 (44. Rb5 $18) 44... Rxd4 45. f3 Rd3 46. Rb5 Kg6 47. Kf4 (47. Rg5+ Kh6 48. Rxa5 Rxb3) (47. Rxa5 Rxb3 48. Re5 f6 $16) 47... f6 48. Ke4 Rc3 $1 $11 {[%emt 0:00:02] and Black stays safe.} 49. Rb6 (49. f4 $18) 49... Rc1 50. Rb5 (50. Kf4 $16) 50... Rb1 $2 51. Kd3 ({But not} 51. Rxa5 $6 Rxb3 52. Rd5 Ra3 $16) 51... Rb2 52. Kc3 Rh2 53. Rxa5 Rxh4 54. Kd3 $2 (54. Ra8 $18) 54... Rh1 {[%emt 0:00:18] [#]} ({Better is} 54... Rh3 $14) 55. Ke3 (55. Ra8 $1 $16) 55... Rb1 56. Rb5 h4 57. Kf4 Rg1 $11 58. Rb8 Kg7 59. Rb5 Kg6 60. Ke3 1/2-1/2

[Event "FIDE WCCC U12 2018"]
[Site "Santiago de Compostela"]
[Date "2018.11.12"]
[Round "8"]
[White "Yu, Jason"]
[Black "Ristic, Luka"]
[Result "1/2-1/2"]
[ECO "B06"]
[WhiteElo "2097"]
[BlackElo "1897"]
[Annotator "NA RC"]
[PlyCount "96"]
[EventDate "2018.11.04"]
[EventType "swiss"]
[EventCountry "ESP"]
[SourceTitle "playchess.com"]
[Source "ChessBase"]
[SourceQuality "1"]
[TimeControl "40/5400+30:1800+30"]

1. e4 g6 2. d4 Bg7 3. Nc3 c6 4. Nf3 d5 5. e5 Bg4 6. h3 Bxf3 7. Qxf3 e6 8. Bd3 {[%emt 0:04:15] B15: Caro-Kann: 3 Nc3: 3...g6 and 3...dxe4 4 Nxe4 Nf6 5 Nxf6+ exf6} a6 9. Ne2 c5 10. c3 Nc6 11. Be3 $146 ({Predecessor:} 11. Bd2 Nge7 12. b3 cxd4 13. cxd4 {1-0 (57) Munoz Pantoja,M (2456)-Oms Fuentes,L (2288) Badalona 2013}) 11... cxd4 12. cxd4 Bxe5 13. O-O-O Bg7 14. h4 Nb4 15. Bb1 Qa5 16. Nc3 Rc8 17. a3 Nc6 18. h5 g5 19. h6 Bf8 ({Much weaker is} 19... Bxh6 $6 {[#]} 20. Rxh6 $1 Nxh6 21. Qf6 $14) 20. Rd3 Qd8 ({Not} 20... Bxh6 {[#]} 21. Rxh6 $1 Nxh6 22. Qf6 $16) 21. Rh5 {[%emt 0:12:28] [#]} (21. Bc2 $11) 21... Qf6 (21... g4 $1 $17 22. Qe2 (22. Qxg4 Nf6) 22... Nf6) 22. Bxg5 Qxf3 23. gxf3 Bd6 24. Kd1 f6 25. Bd2 f5 (25... Kf7 $15) 26. Re3 Nxd4 {[%emt 0:05:52] [#]} 27. Nxd5 (27. Ne2 $1 $16 f4 28. Rc3) 27... Ne7 28. Nxe7 Bxe7 29. Bc3 Rd8 30. Kc1 Kf7 31. Ba2 Kg6 32. Rh3 Bg5 33. Kb1 Bxe3 34. fxe3 Nc6 ({Better is} 34... Nb5 $1 $14 35. Rg3+ (35. Bxh8 Rxh8 36. Bxe6 Nd6 $14) 35... Kxh6 36. Bg7+ (36. Bxh8 Rxh8 37. Bxe6 Nd6 $14) 36... Kh5) 35. Bxh8 (35. Bxe6 $18 Rhf8 36. Rg3+ Kxh6 37. Bg7+ Kh5 38. Bxf8 Rxf8 39. Rg7) 35... Rxh8 36. Bxe6 Re8 37. Rg3+ Kxh6 (37... Kf6 $1 $14 38. Bg8 Rxe3) 38. Bxf5 Rxe3 39. Rh3+ Kg5 40. Bxh7 Nd4 41. Be4 b5 $1 42. Bb7 a5 43. Rg3+ Kf4 44. Rg4+ Ke5 45. Re4+ Rxe4 46. Bxe4 Kf4 47. b4 axb4 $11 48. axb4 Nxf3 1/2-1/2

[Event "FIDE WCCC U12 2018"]
[Site "Santiago de Compostela"]
[Date "2018.11.12"]
[Round "8"]
[White "Mekhane, Adam"]
[Black "Baranciuc, Alexandr"]
[Result "1/2-1/2"]
[ECO "B18"]
[WhiteElo "2065"]
[BlackElo "1784"]
[Annotator "NA RC"]
[PlyCount "84"]
[EventDate "2018.11.04"]
[EventType "swiss"]
[EventCountry "ESP"]
[SourceTitle "playchess.com"]
[Source "ChessBase"]
[SourceQuality "1"]
[TimeControl "40/5400+30:1800+30"]

1. e4 c6 2. d4 d5 3. Nc3 dxe4 4. Nxe4 Bf5 5. Ng3 Bg6 6. Bc4 e6 7. N1e2 Nf6 8. h4 h6 9. Nf4 Bh7 10. c3 Bd6 11. Qe2 O-O {[%emt 0:02:22] B18: Classical Caro-Kann: 4...Bf5 sidelines} 12. Bd2 (12. Ngh5 Nbd7 13. Nxf6+ Nxf6 14. Bd2 Qc7 15. Nd3 Rae8 16. O-O Ne4 17. Rae1 Bh2+ 18. Kh1 Bg3 19. Be3 {1-0 (69) Zelcic,R (2569)-Rombaldoni,D (2418) Bergamo 2009}) 12... Nd5 $146 ({Predecessor:} 12... Re8 13. O-O-O Nbd7 14. Qf3 e5 15. Nfh5 e4 16. Qe2 b5 17. Bb3 a5 18. Bc2 Qc7 19. Nxf6+ Nxf6 {0-1 (33) Valenti,G (2252)-Eperjesi,L (2224) Budapest 2006}) 13. Qg4 Nxf4 14. Bxf4 Bxf4 15. Qxf4 Nd7 16. Nh5 (16. Rd1 $11) 16... Bg6 17. g4 {[%emt 0:03:27] [#]} e5 $1 18. Qd2 exd4 19. O-O-O Ne5 20. Qxd4 Qxd4 21. Rxd4 {[%emt 0:00:15] [#]} Nxg4 $1 22. Rxg4 Bxh5 23. Rf4 Rae8 24. Kd2 b5 25. Bd3 Re5 26. Re1 Rxe1 27. Kxe1 Rd8 28. Bc2 Kf8 29. Rd4 Rxd4 30. cxd4 Ke7 31. Be4 Kd6 32. b4 {[%emt 0:00:25] [#]} Bg4 (32... f5 $1 $19 33. Bxf5 Kd5) 33. Kd2 (33. f4 $17) 33... f5 34. Bc2 f4 35. Bg6 Bf3 36. a3 Ke6 37. Kd3 (37. h5 $142) 37... Kf6 38. h5 Kg5 39. Be8 Kh4 40. Kd2 Be4 41. Ke2 Kg5 42. f3 $19 (42. Kd2 {war die einzige Chance.}) 42... Bd5 1/2-1/2

[Event "FIDE WCCC U12 2018"]
[Site "Santiago de Compostela"]
[Date "2018.11.12"]
[Round "8"]
[White "Tyurin, Artem"]
[Black "Klimkowski, Jan"]
[Result "1-0"]
[ECO "B90"]
[WhiteElo "2018"]
[BlackElo "1810"]
[Annotator "NA RC"]
[PlyCount "63"]
[EventDate "2018.11.04"]
[EventType "swiss"]
[EventCountry "ESP"]
[SourceTitle "playchess.com"]
[Source "ChessBase"]
[SourceQuality "1"]
[TimeControl "40/5400+30:1800+30"]

1. e4 c5 2. Nf3 d6 3. d4 cxd4 4. Nxd4 Nf6 5. Nc3 a6 6. Be3 e5 7. Nb3 Be6 8. f3 Nbd7 9. Qd2 h5 10. Nd5 {[%emt 0:01:06] B90: Sicilian Najdorf: Unusual White 6th moves, 6 Be3 Ng4 and 6 Be3 e5} Bxd5 11. exd5 Be7 (11... g6 12. Be2 Rc8 13. c4 Bg7 14. O-O O-O 15. Na5 Qc7 16. Rac1 e4 {1-0 (52) Duda,J (2737)-Karjakin,S (2773) chess.com INT 2018}) 12. Be2 Rc8 13. Na5 Qc7 14. c4 O-O 15. O-O e4 16. f4 $146 ({Predecessor:} 16. b4 h4 {1-0 (32) Staratorzhsky,V (2200)-Marchisotti,M (2275) ICCF email 2006}) 16... Ng4 17. Bxg4 hxg4 18. b4 f5 19. Rfc1 Bf6 20. Rab1 b6 21. Nb3 (21. Nc6 $16) 21... Qd8 (21... Rb8 $11 {hält das Gleichgewicht.}) 22. a4 Re8 (22... g5 $16) 23. a5 bxa5 24. Nxa5 Qe7 {[%emt 0:04:01] [#]} 25. c5 $1 Qf7 26. Nb7 ({Not} 26. cxd6 Nb8 $16) 26... Be7 27. cxd6 Bf6 (27... Rb8 $142 28. dxe7 Rxb7) 28. Rc7 g5 29. Rbc1 Ra8 (29... gxf4 $142 30. Bxf4 Ra8) 30. fxg5 Be5 31. g3 Rab8 {[%emt 0:01:27] [#]} 32. g6 $18 1-0

[Event "FIDE WCCC U12 2018"]
[Site "Santiago de Compostela"]
[Date "2018.11.12"]
[Round "8"]
[White "Paduano, Claudio"]
[Black "Windram, James"]
[Result "1-0"]
[ECO "A70"]
[WhiteElo "2017"]
[BlackElo "1704"]
[Annotator "NA RC"]
[PlyCount "81"]
[EventDate "2018.11.04"]
[EventType "swiss"]
[EventCountry "ESP"]
[SourceTitle "playchess.com"]
[Source "ChessBase"]
[SourceQuality "1"]
[TimeControl "40/5400+30:1800+30"]

1. d4 Nf6 2. c4 c5 3. d5 e6 4. Nc3 exd5 5. cxd5 d6 6. e4 g6 7. Nf3 Bg7 8. Bd3 a6 9. a4 Bg4 10. Bf4 Nh5 11. Be3 Nd7 12. Be2 $1 O-O 13. O-O Bxf3 14. Bxf3 Nhf6 15. Bf4 Qe7 16. h3 {A61: Modern Benoni: Nf3 without early e4} Ne5 17. Be2 Ne8 18. Bh2 $146 ({Predecessor:} 18. Re1 g5 19. Bg3 Ng6 20. Qb3 Be5 21. Bxe5 Nxe5 22. Nd1 Ng7 23. Ne3 f5 24. exf5 Nxf5 25. Nxf5 Rxf5 {½-½ (50) Tsiganova,M (2239)-Prudnikova,S (2419) Warsaw 2001}) 18... f5 19. f4 Nd7 20. exf5 Rxf5 (20... gxf5 $11 {keeps the balance.} 21. Re1 Qe3+ 22. Kh1 Bxc3 23. bxc3 Qxc3) 21. Bg4 Qe3+ (21... Rf8 $16) 22. Kh1 Rf7 $2 (22... Bxc3 23. Bxf5 (23. bxc3 Ng7 $18) 23... gxf5) 23. Bg1 Qe7 24. Be6 Nc7 25. Bxf7+ Qxf7 26. Qd3 Nb6 27. Rad1 Bxc3 28. bxc3 Nxa4 29. Qc2 b5 30. f5 Qg7 31. fxg6 hxg6 32. Rf3 Nb6 (32... Rf8 $142) 33. Rg3 Kh7 34. Qe4 $18 Re8 35. Qh4+ Qh6 36. Qf6 Qg7 37. Qxd6 Nc4 38. Qxc5 Qe5 39. Rg4 Nb2 40. Rh4+ Kg7 41. Bd4 1-0

[Event "FIDE WCCC U12 2018"]
[Site "Santiago de Compostela"]
[Date "2018.11.12"]
[Round "8"]
[White "Park, Evan"]
[Black "Creanga, Robert-Ionut"]
[Result "0-1"]
[ECO "B31"]
[WhiteElo "1997"]
[BlackElo "2066"]
[Annotator "NA RC"]
[PlyCount "90"]
[EventDate "2018.11.04"]
[EventType "swiss"]
[EventCountry "ESP"]
[SourceTitle "playchess.com"]
[Source "ChessBase"]
[SourceQuality "1"]
[TimeControl "40/5400+30:1800+30"]

1. e4 c5 2. Nf3 Nc6 3. Bb5 g6 4. O-O Bg7 5. Re1 Nf6 6. e5 Nd5 7. Nc3 Nc7 8. Bxc6 dxc6 9. Ne4 Ne6 10. d3 O-O 11. Be3 b6 12. Qd2 Nd4 13. Nxd4 cxd4 14. Bh6 Qd5 {[%emt 0:10:18] B31: Sicilian: 2...Nc6 3 Bb5 g6} (14... c5 15. h4 Qd5 16. Bxg7 Kxg7 17. Ng3 Bb7 18. f3 Qe6 19. b3 {½-½ (19) Bacrot,E (2714)-Moiseenko,A (2699) Tromsoe 2013}) 15. Bxg7 Kxg7 16. Qg5 {[%emt 0:04:50] LiveBook: 6 Games} Qd8 17. h4 Be6 $146 ({Predecessor:} 17... h5 18. a4 a5 19. Re2 Be6 20. f3 Rh8 21. Qf4 c5 22. b3 {½-½ (31) Pulkkinen,K (2319)-Holmsten,A (2410) Finland 2002}) 18. h5 Rc8 (18... h6 $5 19. Qg3 Rc8 $11) 19. Qh4 h6 20. a4 c5 21. b3 Qd7 22. f4 a6 23. Rf1 Bg4 24. hxg6 fxg6 25. Qg3 Bf5 26. Qf3 Bg4 27. Qf2 a5 28. Rae1 Rf7 29. Qd2 Rcf8 30. Ng3 Be6 31. Rf2 Qd5 32. Ref1 Bg4 33. Ne4 Qd7 34. Ng3 Be6 35. Ne4 Bg4 36. g3 Rf5 37. Re1 (37. Rh2 $11) 37... Rh5 38. Rh2 Qf5 39. Rxh5 Qxh5 40. Qh2 Qf5 41. Qh4 (41. Rf1 $11 {keeps the balance.}) 41... Qd7 42. Kg2 Bf5 43. Nf2 Be6 44. Rh1 h5 45. Ne4 $11 Bd5 0-1

[Event "FIDE WCCC U12 2018"]
[Site "Santiago de Compostela"]
[Date "2018.11.12"]
[Round "8"]
[White "Hommer, Jeremy"]
[Black "Sethuraman, Sandeep"]
[Result "1/2-1/2"]
[ECO "C50"]
[WhiteElo "1987"]
[BlackElo "1837"]
[Annotator "NA RC"]
[PlyCount "116"]
[EventDate "2018.11.04"]
[EventType "swiss"]
[EventCountry "ESP"]
[SourceTitle "playchess.com"]
[Source "ChessBase"]
[SourceQuality "1"]
[TimeControl "40/5400+30:1800+30"]

1. e4 e5 2. Nf3 Nc6 3. Bc4 Bc5 4. d3 Nf6 5. Nbd2 d6 6. c3 O-O 7. O-O h6 8. h3 a6 9. Bb3 Be6 10. Bc2 d5 11. exd5 {[%emt 0:02:44] C54: Giuoco Piano: 4 c3 Nf6, main lines with 5 d4 and 5 d3} Bxd5 12. Re1 Re8 13. Nf1 (13. b4 Bf8 14. Bb2 Qd7 15. Nf1 Rad8 16. Ng3 g6 17. a4 b5 18. Nd2 {1-0 (53) Hou,Y (2663)-Fressinet,L (2687) Almaty 2016}) 13... e4 14. dxe4 Bxe4 15. Bxe4 Qxd1 16. Rxd1 Nxe4 17. Be3 $146 Rad8 18. Rdc1 Ne5 19. Nxe5 Rxe5 20. Rc2 Red5 21. Bxc5 Nxc5 22. b4 Ne6 23. g3 Rd3 24. Kg2 g6 25. h4 h5 26. a4 c6 27. Ne3 Rd2 28. Raa2 Rxc2 29. Rxc2 b5 30. a5 c5 31. Kf1 Kf8 32. Ke1 Ke7 33. Rb2 cxb4 34. Rxb4 Nc5 35. Ke2 Nb7 36. c4 Nxa5 37. cxb5 axb5 38. Rxb5 Nc6 39. Rb7+ Kf8 40. Nc4 Re8+ 41. Kf3 Ne5+ 42. Nxe5 Rxe5 43. Kf4 Rf5+ 44. Ke3 Re5+ 45. Kf4 Rf5+ 46. Ke3 Re5+ 47. Kf3 Kg7 48. Kg2 Re2 49. Kf3 Ra2 50. Rb4 $11 Rc2 51. Ke3 Rc3+ 52. Kf4 Rc6 53. f3 Rf6+ 54. Ke3 Re6+ 55. Kf2 Ra6 56. g4 hxg4 57. fxg4 Ra2+ 58. Kg3 Ra3+ 1/2-1/2

[Event "FIDE WCCC U12 2018"]
[Site "Santiago de Compostela"]
[Date "2018.11.12"]
[Round "8"]
[White "Amilal Munkhdalai"]
[Black "Clasby, Derek"]
[Result "1-0"]
[ECO "C77"]
[WhiteElo "1864"]
[BlackElo "2087"]
[Annotator "NA RC"]
[PlyCount "143"]
[EventDate "2018.11.04"]
[EventType "swiss"]
[EventCountry "ESP"]
[SourceTitle "playchess.com"]
[Source "ChessBase"]
[SourceQuality "1"]
[TimeControl "40/5400+30:1800+30"]

1. e4 e5 2. Nf3 Nc6 3. Bb5 a6 4. Ba4 Nf6 5. d3 b5 6. Bb3 Be7 7. O-O d6 8. c3 O-O 9. h3 Nb8 10. Re1 Nbd7 11. Nbd2 Bb7 12. Nf1 Nc5 13. Bc2 Re8 14. Ng3 g6 {[%emt 0:01:23] C94: Closed Ruy Lopez: Breyer Variation with 10 d3} (14... Bf8 15. b4 Ncd7 16. a4 h6 17. d4 d5 18. dxe5 Nxe4 19. axb5 axb5 20. Rxa8 Bxa8 21. Bf4 c5 22. bxc5 Bxc5 23. Be3 Nxc3 {½-½ (41) Vidit,S (2707)-Yu,Y (2760) Liaocheng 2018}) 15. Be3 Bf8 16. Qe2 Qe7 17. Rad1 Bg7 18. Nf1 $146 ({Predecessor:} 18. Bb1 Rad8 19. Qd2 Qf8 20. b4 Ne6 21. d4 Nd7 22. d5 {½-½ (67) Novosadova,K (2211)-Zimina,O (2349) Zillertal 2015}) 18... Ne6 19. N1d2 c5 20. a4 d5 21. exd5 Nxd5 22. Nb3 (22. Bb3 $17) 22... Qc7 23. Qf1 bxa4 24. Nbd2 {[%emt 0:01:11] [#]} a3 $1 25. bxa3 Nxc3 26. Rc1 Nd4 27. Bb3 Ncb5 (27... Nxb3 $17 28. Rxc3 Nd4) 28. Bxd4 (28. a4 $15 Bxf3 29. axb5) 28... Nxd4 (28... exd4 $17 29. Ng5 Rf8) 29. Nxd4 exd4 30. Ne4 Bxe4 31. Rxe4 Rxe4 32. dxe4 Bh6 33. Rb1 Rb8 34. Bc4 Bf4 35. Rxb8+ Qxb8 36. Bxa6 Qb2 37. g3 Bc1 38. a4 Bd2 39. Bb5 Bb4 40. Qd3 h5 41. Kg2 Kg7 42. Bc4 Qc3 43. Qe2 h4 44. gxh4 Qc1 45. e5 Qf4 46. e6 fxe6 47. Qxe6 Qf6 48. Qxf6+ Kxf6 49. f4 Ba5 50. Kf3 Kf5 51. Bd3+ Kf6 52. Ke4 Ke6 53. Bc4+ Kf6 54. Be2 Ke6 55. h5 gxh5 56. Bxh5 Be1 57. Be2 Kf6 58. Kf3 Ke6 {[%emt 0:00:34] [#]} 59. Bc4+ $1 Kf5 60. Bb5 Ke6 61. Bc4+ ({White must play} 61. Ke4 $18 Kf6 {[#]} 62. h4 $1 ) 61... Kf5 62. Bd3+ Ke6 63. Ke4 Kf6 64. Kd5 Bd2 65. f5 Bb4 66. h4 Kg7 67. Ke6 Kf8 68. f6 Kg8 69. h5 Kf8 70. h6 Kg8 71. f7+ Kf8 72. h7 1-0

[Event "FIDE WCCC U12 2018"]
[Site "Santiago de Compostela"]
[Date "2018.11.12"]
[Round "8"]
[White "Deng Yu Dong Michael"]
[Black "Xu, Arthur"]
[Result "0-1"]
[ECO "D07"]
[WhiteElo "1863"]
[BlackElo "2034"]
[Annotator "NA RC"]
[PlyCount "118"]
[EventDate "2018.11.04"]
[EventType "swiss"]
[EventCountry "ESP"]
[SourceTitle "playchess.com"]
[Source "ChessBase"]
[SourceQuality "1"]
[TimeControl "40/5400+30:1800+30"]

1. d4 d5 2. c4 Nc6 3. Nf3 Bg4 4. Nc3 e6 5. Bf4 Bd6 {[%emt 0:00:11] D07: Damengambit (Tschigorin-Verteidigung)} (5... Bxf3 6. gxf3 Bb4 7. e3 Nge7 8. Qc2 dxc4 9. Bxc4 Nd5 10. Bg3 h5 11. h3 Qd7 12. O-O-O O-O-O 13. Ne4 {½-½ (35) Gelfand,B (2740)-Ivanchuk,V (2757) London 2013 CBM 154 [Krasenkow,M]}) 6. Bg3 Nge7 7. e3 O-O 8. Rc1 a6 $146 ({Vorgänger:} 8... dxc4 9. Bxc4 e5 10. dxe5 Bxf3 11. Qxf3 Bxe5 12. O-O Bxg3 13. Qxg3 Qd6 14. Qxd6 cxd6 {1-0 (30) Halkias,S (2579)-Kristjansson,S (2477) Reykjavik 2008}) 9. a3 Qd7 10. b4 f5 11. c5 Bxg3 12. hxg3 e5 13. dxe5 Bxf3 14. Qxf3 (14. gxf3 $16 Nxe5 15. f4) 14... Nxe5 15. Qh5 h6 16. Be2 c6 17. O-O Qe6 18. Rfd1 N7g6 (18... Kh7 $11) 19. Rd4 (19. f4 $14) 19... Qf6 20. Rcd1 Rad8 21. Na4 Rf7 22. Nb6 Nf8 23. g4 ({Better is} 23. f4 $15 Ned7 24. Nxd7 Nxd7 25. g4) 23... Ne6 ({Reject} 23... Nxg4 $6 24. Bxg4 fxg4 25. Rf4 $11) ({Much worse is} 23... fxg4 $6 24. Rf4 $15) 24. R4d2 $2 (24. Qxf5 $17 Nxd4 25. exd4) 24... fxg4 25. Rf1 Ng5 26. Rd4 Ne4 27. Bxg4 $2 (27. Rxe4 {keeps fighting.} dxe4 28. Nc4 Nf3+ 29. Bxf3 gxf3 30. g3) 27... g6 28. Qh3 Nxf2 29. Qg3 Nh3+ 30. Bxh3 Qxf1+ 31. Kh2 Qf6 32. Rf4 Qe7 33. Nc8 Qg5 34. Be6 Qxg3+ 35. Kxg3 Kg7 36. Bxf7 Nxf7 37. Nb6 Re8 38. Kf2 g5 39. Rd4 Ne5 40. a4 h5 41. Ke2 Ng4 42. Rd3 Re4 43. b5 a5 44. bxc6 (44. Nc8 $142) 44... bxc6 45. Kd2 Kf7 46. Rd4 Ke6 ({Better is} 46... Nf6 $19 47. Nc8 Re6 48. Nd6+ Kg6) 47. Rxe4+ dxe4 48. Nc4 Ne5 49. Nxa5 $19 Kd5 50. Nb3 Nd3 51. Kc3 Nxc5 52. a5 Nxb3 53. Kxb3 Kc5 54. a6 Kb6 55. Kc4 h4 56. Kd4 g4 57. Kxe4 h3 58. gxh3 gxh3 59. Kf3 c5 0-1